 Dungeon Crawl Stone Soup version 0.30-a0-629-gd54f4be4f7 (webtiles) character file.

Game seed: 14089788909591913876

13682 Newt the Spear-Bearer (level 11, 0/81 HPs)
             Began as a Demonspawn Gladiator on Jan 12, 2023.
             Was a Believer of Qazlal.
             Slain by a seven-headed hydra (6 damage)
             ... on level 2 of the Lair of Beasts.
             The game lasted 00:16:12 (13791 turns).

Newt the Spear-Bearer (Demonspawn Gladiator)       Turns: 13791, Time: 00:16:13

Health: 0/81       AC: 15    Str: 25    XL:     11   Next: 78%
Magic:  0/18       EV: 11    Int:  9    God:    Qazlal [**....]
Gold:   610        SH: 13    Dex: 15    Spells: 18/20 levels left

rFire   . . .      SeeInvis .    A - +3 spear (freeze)
rCold   . . .      Faith    .    j - +0 kite shield
rNeg    + . .      Spirit   +    B - +2 ring mail {rN+}
rPois   +          Reflect  .    (helmet restricted)
rElec   .          Harm     .    Q - +0 cloak {rPois}
rCorr   .          Rampage  .    g - +0 pair of gloves
Will    .....                    (no boots)
Stlth   +                        t - amulet of guardian spirit
HPRegen 0.33/turn                I - +4 ring of protection
MPRegen 0.32/turn                L - +6 ring of strength

@: no status effects
A: antennae 1, claws 1, foul stench 1, magic regeneration, weakness stinger 2
a: Renounce Religion, Upheaval


You were on level 2 of the Lair of Beasts.
You worshipped Qazlal.
Qazlal was pleased with you.
You visited 3 branches of the dungeon, and saw 11 of its levels.

You collected 610 gold pieces.

Inventory:

Hand Weapons
 a - a +0 rapier
 u - a +0 spear of venom
 A - a +3 spear of freezing (weapon)
Missiles
 h - 6 javelins
 z - 9 poisoned darts
 D - 6 curare-tipped darts
Armour
 b - a +0 leather armour
 c - a +1 helmet
 g - a +0 pair of gloves (worn)
 j - a +0 kite shield (worn)
 B - a +2 ring mail of positive energy (worn)
 F - +0 steam dragon scales
 P - a +2 hat
 Q - a +0 cloak of poison resistance (worn)
Jewellery
 d - a ring of wizardry
 n - a ring of flight
 t - an amulet of guardian spirit (around neck)
 I - a +4 ring of protection (left hand)
 L - a +6 ring of strength (right hand)
Wands
 e - a wand of flame (16)
 v - a wand of light (7)
 E - a wand of iceblast (10)
 K - a wand of polymorph (7)
 N - a wand of mindburst (1)
Scrolls
 f - a scroll of noise
 m - 5 scrolls of teleportation
 q - 3 scrolls of fog
 r - a scroll of amnesia
 y - a scroll of summoning
 C - a scroll of identify
 J - 3 scrolls of enchant armour
Potions
 i - a potion of degeneration
 k - 3 potions of lignification
 l - 3 potions of curing
 o - 2 potions of invisibility
 p - 2 potions of haste
 s - 2 potions of attraction
 w - 3 potions of brilliance
 x - a potion of mutation {unknown}
 G - 2 potions of flight
 H - 2 potions of ambrosia {unknown}
 M - a potion of might
 O - a potion of cancellation {unknown}


   Skills:
 - Level 6.0 Fighting
 - Level 2.6 Short Blades
 - Level 9.0 Polearms
 - Level 6.0 Throwing
 + Level 6.9 Armour
 - Level 4.0 Dodging
 - Level 3.0 Stealth
 - Level 6.0 Shields
 - Level 5.0 Spellcasting
 - Level 4.0 Transmutations
 - Level 5.0 Evocations


You had 18 spell levels left.
You knew the following spells:

 Your Spells              Type           Power      Damage    Failure   Level
a - Wereblood             Tmut           9%         N/A       28%         2

Your spell library contained the following spells:

 Spells                   Type           Power      Damage    Failure   Level
 Beastly Appendage        Tmut           18%        N/A       19%         1
 Necrotise                Necr           8%         1d4       67%         1
 Spider Form              Tmut/Pois      5%         N/A       77%         3
 Ignite Poison            Fire/Tmut/Pois 4%         N/A       86%         3
 Kindle Blastsparks       Fire/Tloc/Air  4%         2d10      96%         3
 Vampiric Draining        Necr           2%         2d6       96%         3
 Petrify                  Tmut/Erth      5%         N/A       99%         4
 Agony                    Necr           2%         N/A       100%        5
 Freezing Cloud           Conj/Ice/Air   1%         6-21      100%        5
 Metabolic Englaciation   Hex/Ice        1%         N/A       100%        5
 Summon Forest            Summ/Tloc      1%         N/A       100%        5
 Summon Mana Viper        Hex/Summ       2%         N/A       100%        5
 Statue Form              Tmut/Erth      3%         N/A       100%        6
 Malign Gateway           Summ/Tloc      1%         N/A       100%        7


Dungeon Overview and Level Annotations

Branches:
Dungeon (8/15)             Temple (1/1) D:5            Lair (2/5) D:8
 Spider (0/4) Lair:2
  Swamp: Lair:2-3    Shoals: Lair:2-3

Altars:
Fedhas
Gozag
Kikubaaqudgha
Makhleb
Nemelex Xobeh
Okawaru
Qazlal
Trog
Uskayaw
Wu Jian
Xom
Yredelemnul


Innate Abilities, Weirdness & Mutations

You have a pair of small antennae on your head.
You have sharp fingernails.
You may rarely emit foul miasma when damaged in melee.
You regenerate magic rapidly.
You have a tail ending in a sharp stinger.


Message History

A swamp worm comes into view.
You closely miss the tyrant leech.
The tyrant leech is moderately wounded.
The seven-headed hydra misses you.
You block the seven-headed hydra's attack. x2
The seven-headed hydra bites you. The seven-headed hydra misses you.
You block the seven-headed hydra's attack.
The seven-headed hydra bites you but does no damage.
The tyrant leech misses you. The six-headed hydra bites you!
The six-headed hydra bites you.
The six-headed hydra bites you but does no damage.
The six-headed hydra bites you! The six-headed hydra bites you.
* * * LOW HITPOINT WARNING * * *
The six-headed hydra misses you.
You are too injured to fight recklessly!
You are too injured to fight recklessly!
You are too injured to fight recklessly!
You are too injured to fight recklessly!
You are too injured to fight recklessly!
Unknown command.
You block the tyrant leech's attack.
The seven-headed hydra attacks as you move away!
The seven-headed hydra bites you but does no damage.
The seven-headed hydra bites you.
* * * LOW HITPOINT WARNING * * *
The seven-headed hydra bites you but does no damage.
The seven-headed hydra bites you!
* * * LOW HITPOINT WARNING * * *
The seven-headed hydra completely misses you.
The seven-headed hydra bites you!
* * * LOW HITPOINT WARNING * * *
The seven-headed hydra bites you but does no damage.
As you read the scroll of summoning, it crumbles to dust.
Wisps of shadow whirl around you...
A swamp worm comes into view.
The tyrant leech barely misses your cane toad.
The seven-headed hydra bites you.
* * * LOW HITPOINT WARNING * * *
The seven-headed hydra bites you!
You die...

........♣♣{{ ..§♣♣..............
.........♣ ♣♣...♣..............
.........♣ §§§§♣♣.............
........♣♣ §§~~♣.............
.........♣ ≈w§♣####.##P.....
.#.....#♣♣ ♣♣ww♣ ♣######.....
.##.....♣ ♣wD♣ #.####.....#
..+....#♣{{ ♣♣♣♣DF♣ ##...##....+
.......#♣♣♣♣♣hhY@Y♣ ##...#.....#
..+.......♣♣.Yh♣♣♣♣ #...........
###...#..♣♣.h.~~~≈♣♣ ##....#....#
###....#..♣♣~≈~~~≈≈♣ #####.....#
......###♣♣~~~~~~≈≈♣ ### ###....#
........♣♣...~~~~≈≈♣♣#.###P.....#
.........♣♣..♣♣♣♣♣♣♣.............
#..####P.....♣ #.PP##.##..###
#### ######## ############


You could see a seven-headed hydra (ally target), a six-headed hydra, 2 tyrant
leeches, 2 swamp worms, 3 friendly yaks, a friendly cane toad (summoned) and 4
friendly wolves.

Vanquished Creatures
  Gastronok (Lair:2)
  A hydra (Lair:2)
  A two-headed ogre (D:8)
  Nergalle (Lair:2)
  Amaemon (Lair:2)
  2 black mambas
  6 elephants (Lair:1)
  A torpor snail (Lair:2)
  A cane toad (D:8)
  An orange demon (Lair:2)
  2 komodo dragons
  Grinder (D:3)
  5 blink frogs
  Sigmund (D:3)
  2 wyverns
  7 yaks
  A steam dragon (D:6)
  7 water moccasins
  A sky beast (D:6)
  2 black bears
  An ice beast (D:6)
  A centaur (D:5)
  A phantom (D:6)
  6 bullfrogs
  A kobold brigand (D:8)
  3 necrophages (D:6)
  3 gnoll sergeants
  6 scorpions
  4 howler monkeys
  3 hounds
  3 jellies
  2 quasits (D:8)
  2 orc priests
  5 iguanas
  5 orc wizards
  5 hell rats (Lair:2)
  The ghost of flotson the Sneak, a weakling DsDe (D:5)
  14 gnolls
  9 adders
  2 shadow imps (D:8)
  5 white imps
  2 ufetubi (D:8)
  4 worms
  2 dart slugs
  25 orcs
  6 ball pythons
  6 endoplasms
  A giant cockroach (D:3)
  10 goblins
  3 hobgoblins
  10 jackals
  2 quokkas
  6 bats
  2 frilled lizards (D:1)
  16 kobolds
  6 rats
  A spectral orc (D:3)
229 creatures vanquished.

Vanquished Creatures (others)
  6 demonic plants (D:8)
  9 fungi
  34 plants
49 creatures vanquished.

Grand Total: 278 creatures vanquished

Notes
Turn   | Place    | Note
-------+----------+-------------------------------------------
     0 | D:1      | Newt the Demonspawn Gladiator began the quest for the Orb.
     0 | D:1      | Reached XP level 1. HP: 16/16 MP: 1/1
    48 | D:1      | Reached skill level 1 in Stealth
   139 | D:1      | Discovered your monstrous ancestry.
   139 | D:1      | Gained mutation: You have a small tail. [demonic ancestry]
   139 | D:1      | Reached XP level 2. HP: 9/22 MP: 2/2
   816 | D:1      | Gained mutation: You regenerate magic rapidly. [demonic
                  | ancestry]
   816 | D:1      | Reached XP level 3. HP: 27/27 MP: 3/3
  1375 | D:2      | Reached XP level 4. HP: 31/34 MP: 4/4
  2472 | D:3      | Gained mutation: You have sharp fingernails. [demonic
                  | ancestry]
  2472 | D:3      | Reached XP level 5. HP: 42/42 MP: 5/5
  2488 | D:3      | Found a shimmering altar of Xom.
  2488 | D:3      | Found a shimmering altar of Xom.
  2488 | D:3      | Found a shimmering altar of Xom.
  2489 | D:3      | Found a shimmering altar of Xom.
  2490 | D:3      | Found a shimmering altar of Xom.
  2528 | D:3      | Noticed Sigmund
  2546 | D:3      | Killed Sigmund
  2547 | D:3      | Gained mutation: You have a pair of small antennae on your
                  | head. [demonic ancestry]
  2547 | D:3      | Reached XP level 6. HP: 15/48 MP: 6/6
  2808 | D:3      | Found a basalt altar of Yredelemnul.
  2853 | D:3      | Found a sparkling altar of Nemelex Xobeh.
  2859 | D:3      | Noticed Grinder
  2866 | D:3      | Killed Grinder
  2867 | D:3      | Reached skill level 5 in Throwing
  3563 | D:4      | Reached XP level 7. HP: 54/54 MP: 7/7
  4578 | D:5      | Entered Level 5 of the Dungeon
  4815 | D:5      | Found a staircase to the Ecumenical Temple.
  4838 | Temple   | Entered the Ecumenical Temple
  4892 | Temple   | Became a worshipper of Qazlal Stormbringer
  5019 | D:5      | Noticed flotson's ghost (weakling DsDe)
  5025 | D:5      | Found a runed translucent gate.
  5025 | D:5      | Found a runed translucent gate.
  5034 | D:5      | Found a runed translucent gate.
  5520 | D:4      | Reached skill level 5 in Fighting
  5520 | D:4      | Gained mutation: You may rarely emit foul miasma when
                  | damaged in melee. [demonic ancestry]
  5520 | D:4      | Reached XP level 8. HP: 14/62 MP: 3/8
  5947 | D:5      | Reached skill level 1 in Polearms
  6216 | D:5      | Killed flotson's ghost
  6217 | D:5      | Reached skill level 2 in Polearms
  6528 | D:6      | Reached skill level 3 in Polearms
  6626 | D:6      | Reached skill level 4 in Polearms
  6645 | D:6      | Reached skill level 5 in Polearms
  7635 | D:7      | Reached skill level 6 in Polearms
  7635 | D:7      | Gained mutation: You have a tail ending in a sharp stinger.
                  | [demonic ancestry]
  7635 | D:7      | Reached XP level 9. HP: 67/69 MP: 9/9
  7663 | D:7      | Reached skill level 1 in Spellcasting
  7724 | D:7      | Got the Atlas of the Helpful Tropics
  7857 | D:7      | Found a burning altar of Makhleb.
  8241 | D:8      | Found a staircase to the Lair.
  8242 | D:8      | Noticed a komodo dragon
  8397 | D:7      | Reached * piety under Qazlal
  8411 | D:7      | Killed a komodo dragon
  8412 | D:7      | Reached skill level 5 in Spellcasting
  8757 | D:8      | Reached skill level 1 in Transmutations
  8899 | D:8      | Noticed a two-headed ogre
  8919 | D:8      | Killed a two-headed ogre
  9303 | D:8      | Reached XP level 10. HP: 67/76 MP: 14/17
  9319 | D:8      | Reached ** piety under Qazlal
  9568 | D:8      | Learned a level 2 spell: Wereblood
  9835 | Lair:1   | Entered Level 1 of the Lair of Beasts
  9880 | Lair:1   | Noticed a cane toad
  9883 | Lair:1   | Reached skill level 1 in Evocations
  9925 | D:8      | Killed a cane toad
 10135 | D:8      | Reached skill level 5 in Evocations
 10354 | Lair:1   | Noticed an elephant
 10354 | Lair:1   | Noticed an elephant
 10355 | Lair:1   | Noticed an elephant
 10355 | Lair:1   | Noticed an elephant
 10355 | Lair:1   | Noticed an elephant
 10356 | Lair:1   | Noticed an elephant
 10385 | Lair:1   | Killed an elephant
 10386 | Lair:1   | Reached skill level 5 in Armour
 10393 | Lair:1   | Killed an elephant
 10411 | Lair:1   | Killed an elephant
 10425 | Lair:1   | Killed an elephant
 10446 | Lair:1   | Killed an elephant
 10447 | Lair:1   | Reached skill level 7 in Polearms
 10453 | Lair:1   | Killed an elephant
 11009 | Lair:1   | Reached XP level 11. HP: 73/81 MP: 18/18
 11017 | Lair:1   | Reached skill level 8 in Polearms
 12244 | Lair:2   | Noticed Nergalle
 12250 | Lair:2   | Noticed a six-headed hydra
 12256 | Lair:2   | Noticed Gastronok
 12570 | Lair:2   | Killed Nergalle
 12571 | Lair:2   | Reached skill level 9 in Polearms
 12712 | Lair:2   | Killed Gastronok
 12988 | Lair:2   | Noticed Amaemon
 13012 | Lair:2   | Killed a six-headed hydra
 13013 | Lair:2   | Reached skill level 5 in Shields
 13017 | Lair:2   | Killed Amaemon
 13214 | Lair:2   | Found a hole to the Spider Nest.
 13782 | Lair:2   | Noticed a six-headed hydra
 13784 | Lair:2   | Noticed a seven-headed hydra
 13791 | Lair:2   | Slain by a seven-headed hydra

Illustrated notes

Levels and vault maps discovered:
D:1:      heliophobic_arrival_battle_scene, layout_rooms, st_stairs_5
D:2:      layout_loops_ring, minmay_guardbox
D:3:      layout_loops_ring, yredelemnul_forgotten_temple_becter,
          mainiacjoe_overflow_concentric_impassable, xom_redecorated,
          uniq_sigmund, uniq_grinder
D:4:      layout_loops_ring, kennysheep_generic_room_7
D:5:      layout_basic, minmay_temple_entry_overgrown, gammafunk_ghost_split
D:6:      layout_layer_cave, serial_bayou_pond_b
D:7:      layout_basic, overflow_temple_1_default, grunt_decor_clamped
D:8:      layout_basic, david_lair_shrubbed, serial_demonic, serial_demonic_g,
          serial_demonic_e, serial_demonic_c, serial_demonic_f, minivault_26
Temple:   eino_temple_lava
Lair:1:   layout_loops_ring
Lair:2:   layout_regular_city, palyth_hydra_swamp_entry,
          spider_nest_entry_web_field, infiniplex_staircase_pool,
          lemuel_fruit_tree, uniq_nergalle, uniq_amaemon, uniq_gastronok

Skill      XL: |  1  2  3  4  5  6  7  8  9 10 11 |
---------------+----------------------------------+-----
Stealth        | 1 2 3 |  3.0
Fighting       | 4 5 6 |  6.0
Throwing       | 2 4 5 6 |  6.0
Dodging        | 3 4 |  4.0
Polearms       | 6 7 9 |  9.0
Spellcasting   | 5 |  5.0
Transmutations | 4 |  4.0
Armour         | 3 6 |  6.9
Evocations     | 5 |  5.0
Shields        | 6 |  6.0
Short Blades   | |  2.6

Action                   |  1- 3 |  4- 6 |  7- 9 | 10-12 || total
-------------------------+-------+-------+-------+-------++-------
Melee: Rapier            |   122 |    98 |    79 |       ||   299
       Tailslap          |    10 |    15 |    66 |    74 ||   165
       Punch             |     2 |     2 |     9 |     2 ||    15
       Spear             |       |       |   423 |   396 ||   819
Throw: Javelin           |     1 |    12 |     6 |    12 ||    31
       Throwing net      |       |     3 |     3 |       ||     6
       Dart              |       |       |       |     1 ||     1
  Use: Scroll            |     2 |     3 |    10 |     9 ||    24
       Potion            |       |     1 |     2 |     6 ||     9
 Stab: Sleeping          |     3 |     3 |     5 |       ||    11
       Held in net/web   |       |       |     1 |     1 ||     2
Armor: Leather armour    |    52 |    30 |    40 |       ||   122
       Ring mail         |       |       |    86 |   144 ||   230
Dodge: Dodged            |   114 |    55 |   234 |   173 ||   576
Block: Other             |       |       |     6 |    14 ||    20
       Kite shield       |       |       |       |   139 ||   139

Table legend: (Time is in decaauts)
 A = Elapsed time spent in this place.
 B = Non-inter-level travel time spent in this place.
 C = Inter-level travel time spent in this place.
 D = Time resting spent in this place.
 E = Time spent auto-exploring this place.
 F = Levels seen in this place.
 G = Mean time per level.
                   A        B        C        D        E       F      G
               +--------+--------+--------+--------+--------+-----+--------+
         Total |  13745 |  13502 |    243 |   4416 |   7032 |  11 | 1249.5 |
       Dungeon |  10184 |  10026 |    158 |   2908 |   5611 |   8 | 1273.0 |
        Temple |     62 |     48 |     14 |      0 |     43 |   1 |   62.0 |
          Lair |   3498 |   3428 |     70 |   1508 |   1377 |   2 | 1749.0 |
               +--------+--------+--------+--------+--------+-----+--------+

Top non-repeatable levels by time:
     D:3: 1834 daAuts
  Lair:1: 1776 daAuts
  Lair:2: 1722 daAuts
     D:8: 1647 daAuts
     D:4: 1402 daAuts
     D:6: 1346 daAuts
     D:5: 1032 daAuts
     D:1: 997 daAuts
     D:7: 975 daAuts
     D:2: 948 daAuts
  Temple: 62 daAuts
